 Dungeon Crawl Stone Soup version 0.31-a0-460-g9e667d4245 (webtiles) character file.

Game seed: 3489512782204260028

14 Maratek the Caller (level 2, 19/19 HPs)
             Began as a Merfolk Summoner on Aug 4, 2023.
             Was an Initiate of Ashenzari.
             Quit the game on level 1 of the Dungeon.
             The game lasted 00:02:31 (816 turns).

Maratek the Caller (Merfolk Summoner)                Turns: 816, Time: 00:02:32

Health: 19/19      AC:  2    Str:  8    XL:     2   Next: 45%
Magic:  3/5        EV: 12    Int: 14    God:    Ashenzari [......]
Gold:   27         SH:  0    Dex: 14    Spells: 4/5 levels left

rFire   . . .        (no weapon)
rCold   . . .        (no shield)
rNeg    . . .        a - +0 robe
rPois   .            (no helmet)
rElec   .            (no cloak)
rCorr   .            (no gloves)
SInv    .            (no boots)
Will    .....        (no amulet)
Stlth   ++           (no ring)
HPRegen 0.23/turn    (no ring)
MPRegen 0.09/turn

%: no passive effects
@: no status effects
A: (nimble swimmer 2), mertail
a: Renounce Religion


You were on level 1 of the Dungeon.
You worshipped Ashenzari.
Ashenzari was noncommittal.
You visited 1 branch of the dungeon, and saw 1 of its levels.

You collected 27 gold pieces.

Inventory:

Armour
 a - a +0 robe (worn)
Scrolls
 d - a scroll of poison {unknown}
 f - a scroll of enchant armour {unknown}
 g - a scroll of noise {unknown}
Potions
 b - a potion of magic
 c - a potion of lignification {unknown}
 e - a potion of enlightenment {unknown}


   Skills:
 + Level 2.7 Dodging
 + Level 2.3 Stealth
 + Level 2.3 Spellcasting
 + Level 4.3 Summonings


You had 4 spell levels left.
You knew the following spells:

 Your Spells              Type           Power      Damage    Failure   Level
a - Summon Small Mammal   Summ           52%        N/A       4%          1

Your spell library contained the following spells:

 Spells                   Type           Power      Damage    Failure   Level
 Call Imp                 Summ           26%        N/A       6%          2
 Call Canine Familiar     Summ           13%        N/A       12%         3
 Summon Guardian Golem    Hex/Summ       7%         N/A       28%         3
 Ozocubu's Armour         Ice            1%         N/A       56%         3
 Summon Lightning Spire   Summ/Air       7%         N/A       67%         4
 Ozocubu's Refrigeration  Ice            0%         4d7       100%        7


Dungeon Overview and Level Annotations

Branches:
Dungeon (1/15)

Altars:
Ashenzari


Innate Abilities, Weirdness & Mutations

((You are very nimble when in or above water. (Stealth+, EV+, Speed+++)))
Your lower body shifts to a powerful aquatic tail in water.


Message History

Your bat hits the giant cockroach.
The giant cockroach barely misses your bat.
The giant cockroach barely misses your bat.
Your bat hits the giant cockroach but does no damage.
Casting: Summon Small Mammal (safe; 4% risk of failure)
Confirm with . or Enter, or press ? or * to list all spells.
Your bat disappears in a puff of smoke!
You swap places.
You swap places.
The giant cockroach closely misses your quokka.
Your quokka closely misses the giant cockroach.
The giant cockroach misses your quokka.
Your rat bites the giant cockroach but does no damage.
Casting: Summon Small Mammal (safe; 4% risk of failure)
Confirm with . or Enter, or press ? or * to list all spells.
Your quokka disappears in a puff of smoke!
The giant cockroach barely misses your rat.
Your rat bites the giant cockroach.
The giant cockroach dies!
You swap places.
Found a gnoll skeleton.
There is an open door here.
You swap places.
You see here a +0 plate armour.
You open the door.
Found a faded altar of an unknown god.
There is an open door here.
There is a faded altar of an unknown god here.
This altar belongs to (a) Ashenzari, (b) Zin or (c) Cheibriados, but you can't tell which.
Press the corresponding letter to learn more about a god, or press enter to convert or escape to cancel.
Ashenzari accepts your prayer! Ashenzari welcomes you!
Ashenzari warns you of distant threats and treasures.
Ashenzari reveals the structure of the dungeon to you.
Ashenzari shows you where magical portals lie.
Your rat bites the plant.
The plant begins to die.
You swap places.
You swap places.
Your bat hits the plant. x3
Your bat hits the plant. x2
A nearby plant withers and dies.
Okay, then.
Okay, then.
Are you sure you want to abandon this character and quit the game? (Confirm with "yes".)

##########........ .
#.......#..#######.# .#
###.....†.........##.##.#.
#..........♣♣♣♣♣♣÷........
#.#.......♣♣PP♣÷♣..#.##.#
#.#......♣♣PP#####.#.##.#
#>......♣♣PPP#...#.÷....#
#.(....♣♣....#...♣......#
#......♣_..b@'.8.'......#
#......♣♣♣.rP#[..♣..)...#####
#.......♣♣♣..#...#...........
#.....#..♣♣PP#####.#.########
#.##......♣♣♣P♣÷♣..#.########
#.##.......♣♣♣♣♣♣.##.........
#
#.##.......................##
#
#.###..#########........##.#
# #.# ##..# #........##.#


You could see a friendly bat (summoned) and a friendly rat (summoned).

Vanquished Creatures
  A goblin (D:1)
  A jackal (D:1)
2 creatures vanquished.

Vanquished Creatures (collateral kills)
  An endoplasm (D:1)
  A giant cockroach (D:1)
  2 hobgoblins (D:1)
  2 jackals (D:1)
  A kobold (D:1)
  2 ball pythons (D:1)
  A rat (D:1)
10 creatures vanquished.

Grand Total: 12 creatures vanquished

Notes
Turn   | Place    | Note
-------+----------+-------------------------------------------
     0 | D:1      | Maratek the Merfolk Summoner began the quest for the Orb.
     0 | D:1      | Reached XP level 1. HP: 13/13 MP: 3/3
   551 | D:1      | Reached XP level 2. HP: 19/19 MP: 0/5
   804 | D:1      | Found a faded altar of an unknown god.
   811 | D:1      | Prayed at the altar of an unknown god.
   811 | D:1      | Became a worshipper of Ashenzari the Shackled
   816 | D:1      | Quit the game

Illustrated notes

Levels and vault maps discovered:
D:1:      matt_arrival_los_fun, layout_basic,
          dilly_ecumenical_altar_fadedgnrine, fountainhead

Action                     || total
---------------------------++-------
  Melee: Unarmed           ||    10
   Cast: Summon Small Mamm ||    30
 Armour: Robe              ||     4
  Dodge: Dodged            ||    19

Table legend: (Time is in decaauts)
 A = Elapsed time spent in this place.
 B = Non-inter-level travel time spent in this place.
 C = Inter-level travel time spent in this place.
 D = Time resting spent in this place.
 E = Time spent auto-exploring this place.
 F = Levels seen in this place.
 G = Mean time per level.
                   A        B        C        D        E       F      G
               +--------+--------+--------+--------+--------+-----+--------+
         Total |    814 |    814 |      0 |      0 |    626 |   1 |  814.0 |
       Dungeon |    814 |    814 |      0 |      0 |    626 |   1 |  814.0 |
               +--------+--------+--------+--------+--------+-----+--------+

Top non-repeatable levels by time:
     D:1: 814 daAuts
